cohdb
Replays
Latest Replays
All Replays
Popular Replays
Top Player Replays
Match Explorer
How It Works
Community
CoH3 Stats
Reddit
Sign in to upload your games and track your stats! →
Sign in with Steam
Match 44585287
Unlisted
Match 44585287
Overview
Messages
Build Orders
End
Panzergrenadier Squad
250 Light Carrier
Panzergrenadier Squad
Construct Light Support Kompanie
MG34 Team
Fire Support Elements
Combat Half-tracks
Assault Mechanized Group
Construct Panzerarmee Kommand
250 Light Carrier
Panzer III L Medium Tank
Selects Armored Support Battlegroup
Selects Veteran Gunners
Selects Superior Fire Drills
Selects Vehicle Awareness
Selects Panzer Storm
Panzer III L Medium Tank
Tungsten Core Ammunition
Panzer III L Medium Tank
Panzer III L Medium Tank
Selects Stuka Anti-tank Loiter
Advanced Field Repairs
Stuka Anti-tank Loiter
Panzer Storm
Panzer III L Medium Tank
CPU - Wrong one to garden with
Mad GobliN
Bran
Dillbro
0
0
Comments
sign in to comment!
No comments posted yet!